 Dungeon Crawl Stone Soup version 0.27-a0-1177-g245c70e1c0 (webtiles) character file.

Game seed: 14850253373072707012

438 Froggeryz the Chopper (level 6, -1/44 HPs)
             Began as a Demonspawn Gladiator on May 16, 2021.
             Killed from afar by an electric eel (11 damage)
             ... with a bolt of electricity
             ... on level 3 of the Dungeon.
             The game lasted 00:04:29 (3833 turns).

Froggeryz the Chopper (Demonspawn Gladiator)        Turns: 3833, Time: 00:04:30

Health: -1/44      AC:  5    Str: 17    XL:     6   Next: 69%
Magic:  24/24      EV: 12    Int:  9    God:
Gold:   68         SH:  0    Dex: 16    Spells: 5/5 levels left

rFire    . . .     SeeInvis .   a - +0 war axe
rCold    . . .     Faith    .   (no shield)
rNeg     . . .     Spirit   .   b - +0 leather armour
rPois    .         Reflect  .   c - +0 helmet
rElec    .         Harm     .   o - +0 cloak
rCorr    .         Rampage  .   (no gloves)
Will     .....                  (no boots)
Stlth    ++........             (no amulet)
HPRegen  0.14/turn              i - ring of magical power
MPRegen  0.19/turn              n - ring of magical power

@: no status effects
A: thin skeletal structure 1, foul stench 1
a: no special abilities


You were on level 3 of the Dungeon.
You visited 1 branch of the dungeon, and saw 3 of its levels.
You also visited: Sewer.

You collected 68 gold pieces.

Inventory:

Hand Weapons
 a - a +0 war axe (weapon)
 e - a +1 short sword of venom
 s - a +2 short sword of draining
Missiles
 d - 3 throwing nets (quivered)
 q - a curare-tipped dart
 v - 19 poisoned darts
Armour
 b - a +0 leather armour (worn)
 c - a +0 helmet (worn)
 o - a +0 cloak (worn)
Jewellery
 i - a ring of magical power (left hand)
 n - a ring of magical power (right hand)
Wands
 B - a wand of flame (22)
Scrolls
 f - a scroll of vulnerability {unknown}
 g - 2 scrolls of identify {unknown}
 h - 3 scrolls of teleportation {unknown}
 k - a scroll of acquirement {unknown}
 l - a scroll of amnesia {unknown}
 y - a scroll of noise {unknown}
 z - a scroll of holy word {unknown}
 A - a scroll of enchant armour {unknown}
Potions
 j - a potion of invisibility {unknown}
 m - a potion of mutation {unknown}
 p - 2 potions of degeneration {unknown}
 r - 5 potions of heal wounds {unknown}
 t - 5 potions of flight {unknown}
 u - 6 potions of curing {unknown}
 w - a potion of brilliance {unknown}
 x - a potion of might


   Skills:
 - Level 2.0 Fighting
 * Level 6.0 Axes
 - Level 1.7 Throwing
 - Level 3.2 Armour
 - Level 2.6 Dodging


You had 5 spell levels left.
You didn't know any spells.
Your spell library was empty.

Dungeon Overview and Level Annotations

Branches:
Dungeon (3/15)              Sewer (visited)

Altars:

Annotations:
D:3 1 transporter


Innate Abilities, Weirdness & Mutations

You have a somewhat thin skeletal structure. (Dex +2, Stealth+)
You may rarely emit foul miasma when damaged in melee.


Message History

No target in view!
Found a stone staircase leading up.
There is an open door here.
Partly explored, unvisited transporter.
Partly explored, unvisited transporter.
No target in view!
There is a transporter here.
You enter the transporter and appear at another place.
B - a wand of flame (23)
There are no items here.
You open the door.
The electric eel shoots out a bolt of lightning at you!
The bolt of electricity hits you!
Aiming: Throw Flame
Press: ? - help, Shift-Dir - straight line, f - electric eel
Aim: an electric eel (48% to hit)
The puff of flame hits the electric eel.
The electric eel is lightly wounded.
The electric eel is engulfed in a cloud of scalding steam.
The electric eel shoots out a bolt of lightning at you!
The bolt of electricity hits you!
You close the door.
The electric eel is engulfed in a cloud of scalding steam.
You kill the electric eel!
You hear a splash.
Your Axes skill increases to level 6!
You start resting.
HP restored.
You open the door.
Aiming: Throw Flame
Press: ? - help, Shift-Dir - straight line, f - you
Okay, then.
The electric eel shoots out a bolt of lightning at you!
The bolt of electricity hits you! x2; The bolt of electricity hits the plant!
The plant begins to die.
The electric eel shoots out a bolt of lightning at you!
The bolt of electricity hits you!
* * * LOW HITPOINT WARNING * * *
The bolt of electricity hits you!
You die...

###
#.###+###...#......#
######
#.#≈...≈#......##.####
.....#
#.#≈...≈#.#.##.##.# #.
.....#
#.#≈...≈#.#....##'###.
.....#
#.#≈.♣.≈#.#...........
..####
#.#≈...≈#.#...........
.[#
#.#≈...†#.#...........
..#
#.#;...;#.#...........
..#
#.###@###.#...........
..#
#.#P...P#.#..........#
###
#.#8.©.8#.#..........#
#.#######............#
#....©.....###########
####.......# ##...####
#####


You could see 2 electric eels.

Vanquished Creatures
  2 kobold brigands (Sewer)
  A howler monkey (D:3)
  An electric eel (D:3)
  Crazy Yiuf (D:2)
  6 adders
  3 river rats (Sewer)
  A worm (D:2)
  2 dart slugs
  2 orcs (D:3)
  8 ball pythons
  5 bats
  3 endoplasms
  9 giant cockroaches
  6 goblins
  3 hobgoblins
  22 kobolds
  3 quokkas
  4 frilled lizards
  26 rats
108 creatures vanquished.

Vanquished Creatures (others)
  3 fungi (D:2)
3 creatures vanquished.

Grand Total: 111 creatures vanquished

Notes
Turn   | Place    | Note
-------+----------+-------------------------------------------
     0 | D:1      | Froggeryz the Demonspawn Gladiator began the quest for the
                  | Orb.
     0 | D:1      | Reached XP level 1. HP: 16/16 MP: 1/1
    72 | D:1      | Reached skill level 3 in Axes
   369 | D:1      | Gained mutation: You have a somewhat thin skeletal
                  | structure. (Dex +2, Stealth+) [demonic ancestry]
   369 | D:1      | Reached XP level 2. HP: 22/22 MP: 2/2
   545 | D:1      | Reached skill level 1 in Armour
  1010 | D:2      | Reached XP level 3. HP: 27/27 MP: 3/3
  1629 | D:2      | Reached skill level 4 in Axes
  1637 | D:2      | Reached XP level 4. HP: 33/33 MP: 4/4
  1708 | D:2      | Found a faded altar of an unknown god.
  1761 | D:2      | Found a runed translucent door.
  1762 | D:2      | Noticed Crazy Yiuf
  1771 | D:2      | Killed Crazy Yiuf
  1820 | D:3      | Found a transporter.
  1857 | D:3      | Reached XP level 5. HP: 31/38 MP: 5/5
  2014 | D:3      | Found a glowing drain.
  2023 | Sewer    | Entered a sewer
  2354 | Sewer    | Reached skill level 5 in Axes
  2631 | Sewer    | Gained mutation: You may rarely emit foul miasma when
                  | damaged in melee. [demonic ancestry]
  2631 | Sewer    | Reached XP level 6. HP: 39/44 MP: 6/6
  3428 | D:3      | Found a transporter.
  3698 | D:3      | Reached skill level 6 in Axes
  3833 | D:3      | Killed from afar by an electric eel

Illustrated notes

Levels and vault maps discovered:
D:1:      amcnicky_arrival_wind_blow, layout_loops_ring
D:2:      layout_rooms, hellmonk_ecumenical_altar_leap_of_faith,
          uniq_crazy_yiuf_cottage
D:3:      gammafunk_steamed_eel, layout_basic, portal_sewer_entry_f

Skill      XL: |  1  2  3  4  5  6 |
---------------+-------------------+-----
Axes           | 3 4 5 6 |  6.0
Armour         | 1 2 3 |  3.2
Fighting       | |  2.0
Throwing       | |  1.7
Dodging        | |  2.6

Action                   |  1- 3 |  4- 6 || total
-------------------------+-------+-------++-------
Melee: War axe           |    24 |     4 ||    28
       Short sword       |    80 |   162 ||   242
Throw: Throwing net      |       |     1 ||     1
Evoke: Wand              |       |     1 ||     1
 Stab: Sleeping          |     7 |     1 ||     8
       Distracted        |     1 |       ||     1
Armor: Leather armour    |    36 |    58 ||    94
Dodge: Dodged            |    72 |   111 ||   183

Table legend: (Time is in decaauts)
 A = Elapsed time spent in this place.
 B = Non-inter-level travel time spent in this place.
 C = Inter-level travel time spent in this place.
 D = Time resting spent in this place.
 E = Time spent auto-exploring this place.
 F = Levels seen in this place.
 G = Mean time per level.
                   A        B        C        D        E       F      G
               +--------+--------+--------+--------+--------+-----+--------+
         Total |   3875 |   3791 |     84 |   1205 |   1726 |   4 |  968.8 |
       Dungeon |   2534 |   2450 |     84 |    546 |   1344 |   3 |  844.7 |
         Sewer |   1341 |   1341 |      0 |    659 |    382 |   1 | 1341.0 |
               +--------+--------+--------+--------+--------+-----+--------+

Top non-repeatable levels by time:
   Sewer: 1341 daAuts
     D:1: 1177 daAuts
     D:3: 697 daAuts
     D:2: 659 daAuts
